 Dungeon Crawl Stone Soup version 0.20.1-1-g8b1a95d (webtiles) character file.

256 RicketyTrickster the Cutter (level 6, 0/39 HPs)
             Began as a Kobold Berserker on July 3, 2017.
             Was a Believer of Trog.
             Slain by a gnoll
             ... wielding a +0 spear
              (7 damage)
             ... on level 4 of the Dungeon.
             The game lasted 00:16:52 (3966 turns).

RicketyTrickster the Cutter (Kobold Berserker)      Turns: 3966, Time: 00:16:53

Health: 0/39       AC:  6    Str: 16    XL:     6   Next: 39%
Magic:  6/6        EV: 14    Int:  8    God:    Trog [**....]
Gold:   141        SH:  0    Dex: 15    Spells: 5/5 levels left

rFire    . . .     SeeInvis .   r - +0 short sword
rCold    . . .     Gourm    .   (shield restricted)
rNeg     . . .     Faith    .   m - +0 scale mail
rPois    .         Spirit   .   (no helmet)
rElec    .         Reflect  .   (no cloak)
rCorr    .         Harm     .   (no gloves)
MR       .....                  (no boots)
Stlth    +.........             (no amulet)
Regen    0.2/turn               (no ring)
MPRegen  0.1/turn               (no ring)

@: berserk cooldown, slowed, very slow
A: carnivore 3
a: Berserk, Trog's Hand, Burn Spellbooks, Renounce Religion


You were on level 4 of the Dungeon.
You worshipped Trog.
Trog was pleased with you.
You were not hungry.

You visited 1 branch of the dungeon, and saw 4 of its levels.

You collected 141 gold pieces.

Inventory:

Hand Weapons
 p - a cursed -1 whip
 r - a +0 short sword (weapon)
Missiles
 h - 2 throwing nets (quivered)
Armour
 m - a +0 scale mail (worn)
Wands
 j - a wand of acid (8/15)
Scrolls
 d - 2 scrolls of remove curse {unknown}
 e - a scroll of fear {unknown}
 f - 2 scrolls of identify {unknown}
 i - 2 scrolls of immolation {unknown}
 k - 2 scrolls of teleportation {unknown}
 l - a scroll of enchant armour {unknown}
 n - a scroll of blinking {unknown}
Potions
 a - a potion of agility {unknown}
 b - 2 potions of lignification {unknown}
 o - a potion of invisibility {unknown}
 q - a potion of ambrosia {unknown}
Comestibles
 c - 2 meat rations
 g - 3 bread rations


   Skills:
 * Level 4.5 Fighting
 * Level 5.2 Short Blades
 * Level 2.6 Armour
 * Level 3.9 Dodging
 * Level 3.4 Stealth


You had 5 spell levels left.
You didn't know any spells.

Dungeon Overview and Level Annotations

Branches:
Dungeon (4/15)
 Temple: D:4-7

Altars:
Qazlal


Innate Abilities, Weirdness & Mutations

You are small and have problems with some larger weapons.
You are carnivorous and can eat meat at any time.


Message History

You are exhausted.
You feel yourself slow down. The gnoll hits you with a spear.
You barely miss the gnoll. The gnoll barely misses you.
You hit the gnoll.
The gnoll is lightly wounded.
The gnoll closely misses you. The gnoll barely misses you.
You hit the gnoll.
The gnoll is moderately wounded.
The gnoll misses you. The gnoll hits you with a spear.
* * * LOW HITPOINT WARNING * * *
You hit the gnoll.
The gnoll is moderately wounded.
The gnoll misses you. The gnoll hits you with a spear.
* * * LOW HITPOINT WARNING * * *
The gnoll hits you but does no damage. The gnoll misses you.
The gnoll barely misses you.
Things that are here:
a whip; a leather armour; a gnoll corpse The gnoll hits you from afar with a spear!
You die...

...# ## ..... ...#
..... ...# ......
...#
......#####...#
..............#
............#
#......g)...# ..
#........@..####..
####.....$........
#..............
##+#...........
...............
.....##........
#.......<.......
................
......##.#+#####


You could see a gnoll.

Vanquished Creatures
  The ghost of tschems the Covered, an amateur HuFi (D:3)
  A gnoll shaman (D:4)
  3 gnolls (D:4)
  An adder (D:2)
  A dart slug (D:1)
  8 bats
  7 giant cockroaches
  6 hobgoblins
  5 jackals
  5 frilled lizards
  3 goblins
  10 kobolds
  8 rats
59 creatures vanquished.

Notes
Turn   | Place    | Note
-------+----------+-------------------------------------------
     0 | D:1      | RicketyTrickster the Kobold Berserker began the quest for the Orb.
     0 | D:1      | Reached XP level 1. HP: 14/14 MP: 1/1
   467 | D:1      | Reached XP level 2. HP: 19/19 MP: 2/2
   516 | D:1      | Reached skill level 1 in Stealth
  1017 | D:1      | Reached XP level 3. HP: 23/23 MP: 3/3
  1282 | D:2      | Reached ** piety under Trog
  1653 | D:2      | Found a stormy altar of Qazlal.
  2167 | D:3      | Reached XP level 4. HP: 29/29 MP: 4/4
  2241 | D:3      | Noticed tschems's ghost (amateur HuFi)
  3075 | D:3      | Killed tschems's ghost
  3075 | D:3      | Reached skill level 5 in Short Blades
  3075 | D:3      | Reached XP level 5. HP: 34/34 MP: 5/5
  3075 | D:3      | Reached XP level 6. HP: 39/39 MP: 6/6
  3966 | D:4      | Slain by a gnoll

Skill      XL: |  1  2  3  4 |
---------------+-------------+-----
Stealth        | 1 3 |  3.4
Dodging        | 3 |  3.9
Armour         | 2 |  2.6
Fighting       | 4 |  4.5
Short Blades   | 5 |  5.2

Action                   |  1- 3 |  4- 6 || total
-------------------------+-------+-------++-------
Melee: Short sword       |   103 |    98 ||   201
Invok: Berserk           |     1 |     2 ||     3
 Stab: Sleeping          |     2 |       ||     2
       Distracted        |     1 |       ||     1
  Eat: Chunk             |    13 |     3 ||    16
Armor: Animal skin       |    15 |       ||    15
       Robe              |     2 |       ||     2
       Scale mail        |     1 |    29 ||    30
Dodge: Dodged            |    75 |    86 ||   161
